 Dungeon Crawl Stone Soup version 0.27-b1-16-g6517624069 (webtiles) character file.

Game seed: 9511439813345366116

119 seveneves the Covered (level 4, -2/40 HPs)
             Began as a Minotaur Fighter on July 26, 2021.
             Slain by a two-headed ogre (7 damage)
             ... on level 4 of the Dungeon.
             The game lasted 00:06:28 (1921 turns).

seveneves the Covered (Minotaur Fighter)            Turns: 1921, Time: 00:06:29

Health: -2/40      AC:  8    Str: 21    XL:     4   Next: 74%
Magic:  3/3        EV:  7    Int:  5    God:
Gold:   93         SH: 10    Dex: 10    Spells: 3/3 levels left

rFire    . . .     SeeInvis .   f - +4 whip
rCold    . . .     Faith    .   c - +1 kite shield
rNeg     . . .     Spirit   .   b - +0 scale mail
rPois    .         Reflect  .   (helmet restricted)
rElec    .         Harm     .   (no cloak)
rCorr    .         Rampage  .   l - +0 pair of gloves
Will     .....                  (no boots)
Stlth    ..........             (no amulet)
HPRegen  0.13/turn              (no ring)
MPRegen  0.08/turn              (no ring)

@: mighty
A: horns 2, retaliatory headbutt
a: no special abilities


You were on level 4 of the Dungeon.
You visited 1 branch of the dungeon, and saw 4 of its levels.

You collected 93 gold pieces.

Inventory:

Hand Weapons
 a - a +0 long sword
 f - a +4 whip (weapon)
 k - a +0 hunting sling of freezing
 n - a +0 lajatang
Missiles
 i - 40 sling bullets
Armour
 b - a +0 scale mail (worn)
 c - a +1 kite shield (worn)
 l - a +0 pair of gloves (worn)
Wands
 m - a wand of iceblast (9)
Scrolls
 e - a scroll of enchant armour
 h - 4 scrolls of fear {unknown}
Potions
 g - a potion of degeneration {unknown}
 j - a potion of curing {unknown}


   Skills:
 + Level 4.2 Fighting
 + Level 3.0 Long Blades
 + Level 2.4 Maces & Flails
 + Level 4.6 Armour
 + Level 0.5 Dodging
 + Level 0.2 Stealth
 + Level 4.3 Shields


You had 3 spell levels left.
You didn't know any spells.
Your spell library was empty.

Dungeon Overview and Level Annotations

Branches:
Dungeon (4/15)
 Temple: D:4-7

Altars:
Okawaru


Innate Abilities, Weirdness & Mutations

You have a pair of horns on your head.
You reflexively headbutt those who attack you in melee.


Message History

You block the hound skeleton's attack.
You hit the hound skeleton. You headbutt the hound skeleton.
You destroy the hound skeleton!
You open the door.
There is an open door here.
You hear the slow hiss of a distant avalanche of sand.
Found a stone staircase leading up.
Found a hunting sling.
You see here a +0 hunting sling.
HP restored.
You hear the slow hiss of an avalanche of sand nearby.
There is a stone staircase leading up here.
A two-headed ogre comes into view.
It is wielding a +0 giant club and a +0 dire flail.
The two-headed ogre shouts in stereo!
The two-headed ogre completely misses you.
The two-headed ogre hits you with a +0 dire flail.
You hit the two-headed ogre. You headbutt the two-headed ogre.
The two-headed ogre is lightly wounded.
The two-headed ogre closely misses you. You furiously retaliate!
You headbutt the two-headed ogre!
The two-headed ogre completely misses you.
You hit the two-headed ogre.
The two-headed ogre is moderately wounded.
You block the two-headed ogre's attack.
The two-headed ogre hits you with a +0 dire flail!
You whack the two-headed ogre!
The two-headed ogre is heavily wounded.
The two-headed ogre hits you with a +0 giant club!
The two-headed ogre hits you with a +0 dire flail.
You hit the two-headed ogre but do no damage.
The two-headed ogre is heavily wounded.
The two-headed ogre hits you with a +0 giant club!
* * * LOW HITPOINT WARNING * * *
You block the two-headed ogre's attack.
You feel very mighty all of a sudden.
You whack the two-headed ogre!
The two-headed ogre is severely wounded.
You block the two-headed ogre's attack.
The two-headed ogre hits you with a +0 dire flail!
You die...

.................#...#
.......<....†).#.#####
.....................
####...#.......#.####
...............#.#
####...#..#.####.#
..........#......#
#########<##############
..............@O......
....##############....
.. .


You could see a two-headed ogre.

Vanquished Creatures
  An orc wizard (D:3)
  A hound skeleton (D:4)
  An adder (D:2)
  A worm (D:3)
  A dart slug (D:2)
  4 orcs (D:3)
  3 bats
  6 endoplasms
  4 giant cockroaches
  4 goblins
  4 hobgoblins
  11 jackals
  2 quokkas
  5 ball pythons
  2 frilled lizards (D:1)
  3 kobolds
  A rat (D:2)
54 creatures vanquished.

Notes
Turn   | Place    | Note
-------+----------+-------------------------------------------
     0 | D:1      | seveneves the Minotaur Fighter began the quest for the Orb.
     0 | D:1      | Reached XP level 1. HP: 19/19 MP: 0/0
    85 | D:1      | Reached XP level 2. HP: 27/27 MP: 1/1
   845 | D:2      | Reached XP level 3. HP: 33/33 MP: 2/2
  1263 | D:2      | Reached skill level 1 in Maces & Flails
  1432 | D:3      | Found an iron altar of Okawaru.
  1749 | D:3      | Reached XP level 4. HP: 38/40 MP: 3/3
  1807 | D:3      | You fall into a shaft and drop 1 floor!
  1912 | D:4      | Noticed a two-headed ogre
  1921 | D:4      | Slain by a two-headed ogre

Illustrated notes

Levels and vault maps discovered:
D:1:      heliophobic_arrival_enchanted_forest, layout_basic
D:2:      layout_rooms
D:3:      layout_basic, mainiacjoe_overflow_tiny_flanked, dk_noncrumbling_3
D:4:      layout_basic, nicolae_qazlal_scattered_showers, fedhas_ov_isle_minmay,
          enter_ossuary_5, minmay_box_of_dots, uniq_crazy_yiuf_cottage,
          uniq_natasha, uniq_grinder

Skill      XL: |  1  2  3  4 |
---------------+-------------+-----
Armour         | 4 |  4.6
Long Blades    | 3 |  3.0
Shields        | 4 |  4.3
Fighting       | 4 |  4.2
Maces & Flails | 1 2 |  2.4
Dodging        | |  0.5
Stealth        | |  0.2

Action                   |  1- 3 |  4- 6 || total
-------------------------+-------+-------++-------
Melee: Long sword        |     8 |       ||     8
       Whip              |    84 |    31 ||   115
       Headbutt          |     8 |     8 ||    16
  Use: Potion            |     4 |     1 ||     5
       Scroll            |     4 |       ||     4
 Stab: Invisible         |     2 |       ||     2
Armor: Scale mail        |    36 |    14 ||    50
Dodge: Dodged            |    37 |    18 ||    55
Block: Kite shield       |    52 |    20 ||    72
       Rpst.: Long sword |     2 |       ||     2
